Cogmind - Beta 11.1 @@@ ROGUE MODE // 2022.05.29 @ 22:26:32 Player: Smie Result: Destroyed by S-27 Virus with Autogun Performance ------------- Evolutions (4) 2000 Regions Visited (7) 1400 Robots Destroyed (58) 290 Value Destroyed (2224) 2224 Prototype IDs (23) 460 Alien Tech Used (0) 0 Bonus (410) 410 TOTAL SCORE: 6784 Bonus ------- High Alert Combat Kills 50 Follower Combat Kills 60 Aligned with FarCom 300 Cogmind --------- Core Integrity 0/850 Matter 23/300 Energy 100/100 System Corruption 2% Temperature Cool (0) Movement Core (50) Location -6/Factory Parts ------- > --- POWER (1) -------- (None) > --- PROPULSION (4) --- (None) > --- UTILITY (7) ------ Trap Scanner Advanced Terrain Scan Processor Targeting Computer > --- WEAPON (3) ------- (None) > --- INVENTORY (5) ---- Improved Medium Armor Plating Gatling Laser Flak Gun Coil Gun Field Lobotomy Kit (5) Peak State ------------ > --- POWER ------------ Micro Nuclear Core > --- PROPULSION ------- Aluminum Leg Carbon-fiber Leg Carbon-fiber Leg Carbon-fiber Leg > --- UTILITY ---------- Improved Heat Sink Large Storage Unit Advanced Terrain Scan Processor Targeting Computer Weapon Cycler Core Shielding Hacking Suite > --- WEAPON ----------- High-powered Shotgun Flak Gun Gauss Cannon > --- INVENTORY -------- Light Angular Momentum Engine Light Treads Armored Treads Carbon-fiber Leg Cryofiber Web Improved Cooling System Launcher Guidance Computer Power Shielding Improved Medium Armor Plating Gatling Laser Flak Gun Assault Cannon Gauss Cannon Shock Bomb Launcher Field Lobotomy Kit [Rating: 47] Favorites ----------- Power Micro Nuclear Core Engine Ion Engine Power Core Micro Nuclear Core Propulsion Armored Treads Treads Armored Treads Leg Aluminum Leg Wheel Compact Wheel Utility Targeting Computer Device Weapon Cycler Storage Large Storage Unit Processor Targeting Computer Hackware Hacking Suite Protection Core Shielding Weapon Heavy Ion Cannon Energy Gun Gatling Laser Energy Cannon Heavy Ion Cannon Ballistic Gun Flak Gun Ballistic Cannon Gauss Cannon Launcher Shock Bomb Launcher Impact Weapon Maul Slashing Weapon Mining Claw Build | -11 -10 -10 -10 -9 -8 -7 -6 ------- Run | Scr Mat Min Exi Min Mat Fac Fac Slots Evolved 8 | . . . . . 4 2 2 Power . | . . . . . . . . Propulsion 2 | . . . . . 1 . 1 Utility 5 | . . . . . 3 1 1 Weapon 1 | . . . . . . 1 . Parts Attached 87 | 6 8 1 1 3 14 36 18 Power 9 | 1 1 . . 1 2 3 1 Engine 6 | 1 1 . . 1 1 1 1 Core 3 | . . . . . 1 2 . Reactor . | . . . . . . . . Propulsion 31 | 2 2 1 . 1 7 8 10 Treads 13 | 2 1 . . . 3 6 1 Leg 15 | . . 1 . 1 4 1 8 Wheel 3 | . 1 . . . . 1 1 Hover . | . . . . . . . . Flight . | . . . . . . . . Utility 23 | 1 2 . . 1 1 14 4 Device 11 | . . . . 1 . 6 4 Storage 2 | 1 . . . . . 1 . Processor 2 | . . . . . 1 1 . Hackware 1 | . . . . . . 1 . Protection 7 | . 2 . . . . 5 . Artifact . | . . . . . . . . Weapon 24 | 2 3 . 1 . 4 11 3 Energy Gun 7 | 2 1 . . . 2 2 . Energy Cannon 4 | . . . . . . 4 . Ballistic Gun 4 | . . . . . 1 3 . Ballistic Cannon 4 | . . . . . . 2 2 Launcher 1 | . . . . . . . 1 Special Weapon . | . . . . . . . . Impact Weapon 2 | . 1 . 1 . . . . Slashing Weapon 2 | . 1 . . . 1 . . Piercing Weapon . | . . . . . . . . Special Melee Weapon . | . . . . . . . . Unidentified Prototypes . | . . . . . . . . Corrupted Parts 1 | . . 1 . . . . . System Corruption 12 | . . 12 . . . . . Parts Lost 55 | . . 2 . 3 13 18 19 Power 7 | . . 1 . . 2 2 2 Propulsion 21 | . . 1 . 2 4 5 9 Utility 13 | . . . . 1 2 5 5 Weapon 14 | . . . . . 5 6 3 Highest Loss Streak 15 | . . 2 . 2 12 4 15 To Critical Strikes . | . . . . . . . . Average Slot Usage (%) 86 | . 98 89 85 81 55 88 88 Engine 2 | . 14 4 . 11 2 . . Core 2 | . . . . . 2 2 5 Treads 14 | . 15 14 14 . 4 21 6 Leg 5 | . . 8 14 15 14 . 12 Wheel 2 | . 12 5 . . . 1 2 Device 9 | . . . . 10 2 13 12 Storage 7 | . 14 14 14 14 6 5 5 Processor 8 | . . . . . 7 11 13 Hackware 1 | . . . . . . 1 5 Protection 7 | . 12 14 14 . . 7 5 Energy Gun 2 | . 21 . . . 1 1 . Energy Cannon 4 | . . . . . . 10 . Ballistic Gun 4 | . . . . . . 6 8 Ballistic Cannon 2 | . . . . . . 3 7 Impact Weapon 4 | . 2 14 19 28 10 . . Slashing Weapon 1 | . 4 14 8 . 2 . . Naked Turns . | . . . . . . . . Heaviest Build 54 | 11 18 18 14 17 20 54 47 Greatest Support 62 | 40 40 20 10 20 60 62 55 Greatest Overweight (x) 6 | . . 1 1 1 6 2 2 Average Overweight (x) . | . . . 1 . . . . Largest Inventory Capacity 15 | 8 8 8 8 8 8 15 15 Average Capacity 11 | 6 8 8 8 8 7 12 13 Most Carried 15 | 6 8 8 8 8 8 15 15 Average Carried 10 | 4 6 8 7 8 6 11 13 Final Capacity 15 | 8 8 8 8 8 5 15 5 Final Carried 15 | 6 8 8 8 8 5 15 5 Class Distribution -------------------- 44% | Mutant 17% | Scavenger-Gunner 16% | Gunner 16% | Scavenger-Skirmisher 3% | Scavenger-Mutant Dominant Class ---------------- Mutant | -10/Materials Mutant | -10/Mines Mutant | -10/Exiles Mutant | -9/Mines Mutant | -8/Materials Gunner | -7/Factory Scavenger-Gunner | -6/Factory Resources | -11 -10 -10 -10 -9 -8 -7 -6 ----------- Run | Scr Mat Min Exi Min Mat Fac Fac Matter Collected 1552 | 207 69 59 . 68 94 784 271 Remotely . | . . . . . . . . Salvage Created 2068 | . 76 . . 159 497 1044 292 Parts 97 | . 4 . . 8 20 48 17 Haulers Intercepted . | . . . . . . . . Recyclers Shooed 2 | . . . . . . 2 . Parts Field Recycled . | . . . . . . . . Retrieved Matter . | . . . . . . . . Parts Self-Destructed . | . . . . . . . . Prevented . | . . . . . . . . Kills | -11 -10 -10 -10 -9 -8 -7 -6 ------- Run | Scr Mat Min Exi Min Mat Fac Fac Combat Hostiles Destroyed 50 | . 6 . . 4 10 24 6 Melee 11 | . . . . 4 7 . . Guns 27 | . 3 . . . 3 18 3 Cannons 8 | . . . . . . 6 2 AOE 1 | . . . . . . . 1 Classes Destroyed 10 | . 1 . . 2 3 3 1 Worker 4 | . . . . . . . 4 Builder 3 | . . . . . . 2 1 Recycler 1 | . . . . . . 1 . Swarmer 9 | . 6 . . . . 3 . Grunt 14 | . . . . 3 3 4 4 Brawler 2 | . . . . 1 . 1 . Duelist 5 | . . . . . 2 2 1 Sentry 13 | . . . . . 4 9 . Hunter 4 | . . . . . 1 3 . Programmer 3 | . . . . . . 2 1 Best Kill Streak 7 | . 3 . . 3 4 7 2 Combat Bots Only 5 | . 3 . . 3 4 5 2 Max Kills in Single Turn 2 | . 1 . . 1 1 2 2 Gunslinging . | . . . . . . . . Exploded 1 | . . . . . . . 1 Melee 1 | . . . . 1 1 . . Uniques/NPCs Destroyed . | . . . . . . . . Combat | -11 -10 -10 -10 -9 -8 -7 -6 -------- Run | Scr Mat Min Exi Min Mat Fac Fac Damage Taken 8981 | . 220 242 . 278 1885 3793 2563 Core 1915 | . 51 40 . 35 491 443 855 Absorbed by Shields 8 | . . . . . . 8 . Redirected to Shielding 118 | . . . . . . 67 51 Regen/Repaired (Parts) 288 | . . . . . . 288 . Core Remaining (%) 48 | 100 . . . 49 10 36 . Volleys Fired 135 | . 8 . . . 14 87 26 Largest 3 | . 2 . . . 2 3 3 Hottest 193 | . 90 . . . 95 193 120 Shots Fired 261 | . 16 . . . 22 155 68 Gun 188 | . 16 . . . 22 117 33 Cannon 72 | . . . . . . 38 34 Launcher 1 | . . . . . . . 1 Special . | . . . . . . . . Kinetic 195 | . . . . . 6 122 67 Thermal 57 | . 16 . . . 8 33 . Explosive . | . . . . . . . . Electromagnetic 9 | . . . . . 8 . 1 Robot Hit Streak 19 | . 3 . . . 12 19 12 Robot Miss Streak 16 | . 2 . . . 1 5 16 Penetration Max . | . . . . . . . . Secondary Targets 1 | . . . . . 1 . . Max Gunslinging Chain 1 | . . . . . 1 . . Shots Hit Robots 249 | . 13 4 . 9 46 131 46 Core Hits 179 | . 3 . . 4 14 121 37 Critical Kills . | . . . . . . . . Critical Parts Destroyed 5 | . . . . 1 4 . . Critical Strikes 18 | . 1 . . 1 7 6 3 Burn 3 | . 1 . . . 2 . . Blast 9 | . . . . . . 6 3 Corrupt 1 | . . . . . 1 . . Smash 5 | . . . . 1 4 . . Melee Attacks 76 | . 18 5 . 18 35 . . Impact 64 | . 11 5 . 18 30 . . Slashing 12 | . 7 . . . 5 . . Piercing . | . . . . . . . . Sneak Attacks 1 | . . 1 . . . . . Combat Hostiles . | . . . . . . . . Follow-up Attacks 8 | . 3 . . 2 3 . . Damage Inflicted 5844 | . 306 167 . 278 1143 2969 981 Guns 3001 | . 90 . . . 281 2207 423 Cannons 1158 | . . . . . . 700 458 Explosions 88 | . . . . . . . 88 Melee 1521 | . 215 167 . 278 861 . . Ramming 76 | . 1 . . . 1 62 12 Kinetic 3068 | . . . . . 100 2087 881 Thermal 998 | . 90 . . . 88 820 . Explosive . | . . . . . . . . Electromagnetic 181 | . . . . . 93 . 88 Impact 1427 | . 215 167 . 278 767 . . Slashing 94 | . . . . . 94 . . Piercing . | . . . . . . . . Highest Corruption 12 | . . 12 12 12 . 6 2 Average Corruption 8 | . . 12 12 12 . 5 1 Corruption Purged . | . . . . . . . . Corruption Blocked . | . . . . . . . . Effects 57 | . . 5 18 9 . 24 1 Message Errors 14 | . . 2 7 3 . 2 . Matter Fused 8 | . . 1 4 . . 3 . Heat Flow Errors 6 | . . 1 1 . . 3 1 Energy Discharges 10 | . . 1 2 5 . 2 . Data Loss (minor) 10 | . . . 3 1 . 6 . Data Loss (major) 3 | . . . 1 . . 2 . Misfires 3 | . . . . . . 3 . Alerts 1 | . . . . . . 1 . Weapon Failures 2 | . . . . . . 2 . Overload Shots . | . . . . . . . . Overflow Damage 288 | . 59 29 . 35 159 6 . Projectiles 6 | . . . . . . 6 . Explosions . | . . . . . . . . Melee 282 | . 59 29 . 35 159 . . Knockbacks 15 | . 1 1 . 1 . 5 7 Impact 3 | . 1 1 . 1 . . . Kinetic 11 | . . . . . . 5 6 Secondary 1 | . . . . . . . 1 Self-Inflicted Damage 13 | . . . . . . . 13 Shots 1 | . . . . . . . 1 Rammed 17 | . 1 . . . 2 14 . Targets Rammed 18 | . 1 . . . 2 14 1 Kicked 1 | . . . . . . . 1 Crushed . | . . . . . . . . Highest Temperature 574 | . 312 274 112 . 119 574 89 Average Temperature 114 | . 160 126 58 . 61 141 22 Received Heat Transfer 2025 | . . 150 . 153 639 729 354 Effects 8 | . 3 . . . . 5 . Shutdowns 1 | . . . . . . 1 . Energy Bleed 2 | . 2 . . . . . . Interference 4 | . 1 . . . . 3 . Damage (core) 1 | . . . . . . 1 . Siege Activations . | . . . . . . . . Robots Corrupted . | . . . . . . . . Combat Hostiles . | . . . . . . . . Parts Fried 4 | . 3 . . . 1 . . Impact Corruptions 14 | . 4 2 . 1 7 . . Robots Melted . | . . . . . . . . Combat Hostiles . | . . . . . . . . Parts Melted 3 | . 1 . . . . 2 . Heat Transferred 2426 | . 321 . . . 407 1698 . Parts Sabotaged . | . . . . . . . . Parts Stolen . | . . . . . . . . Parts Stripped . | . . . . . . . . Power Chain Reactions . | . . . . . . . . Missiles Intercepted . | . . . . . . . . Alert | -11 -10 -10 -10 -9 -8 -7 -6 ------- Run | Scr Mat Min Exi Min Mat Fac Fac Peak Influence 527 | . 206 123 . 100 394 527 339 Initial 239 | . . 79 . . 39 179 239 Average 201 | . 80 94 . 79 185 244 220 Maximum Alert Level 2 | . 1 . . . 1 2 1 Low Security (%) 56 | 100 92 100 . 100 57 47 39 Level 1 28 | . 7 . . . 42 22 60 Level 2 15 | . . . . . . 29 . Level 3 . | . . . . . . . . Level 4 . | . . . . . . . . Level 5 . | . . . . . . . . High Security . | . . . . . . . . Max Security . | . . . . . . . . Squads Dispatched 18 | . . . . . 5 8 5 Investigation 3 | . . . . . 1 2 . Extermination 4 | . . . . . . 3 1 Reinforcement 5 | . . . . . 1 . 4 Assault . | . . . . . . . . Garrison 6 | . . . . . 3 3 . Intercept . | . . . . . . . . Searches Triggered . | . . . . . . . . Construction Impeded . | . . . . . . . . Haulers Reinforced . | . . . . . . . . Active Scanning Responses . | . . . . . . . . Cargo Convoy Interrupts . | . . . . . . . . Stealth | -11 -10 -10 -10 -9 -8 -7 -6 --------- Run | Scr Mat Min Exi Min Mat Fac Fac Distress Signals 7 | . 1 . . . . 2 4 Communications Jammed . | . . . . . . . . Distress Signals . | . . . . . . . . Times Spotted 114 | . 7 3 . 6 21 45 32 Peak Tracking Total 12 | . 3 2 . 3 10 6 12 Tactical Retreats 20 | . 1 2 . 2 8 3 4 Traps | -11 -10 -10 -10 -9 -8 -7 -6 ------- Run | Scr Mat Min Exi Min Mat Fac Fac Traps Triggered 6 | . 1 . . . 1 3 1 Indirectly . | . . . . . . . . Trap Hack Attempts . | . . . . . . . . Triggered . | . . . . . . . . Disarmed . | . . . . . . . . Reprogrammed . | . . . . . . . . Reused . | . . . . . . . . Traps Extracted . | . . . . . . . . Installed . | . . . . . . . . Triggered . | . . . . . . . . Machines | -11 -10 -10 -10 -9 -8 -7 -6 ---------- Run | Scr Mat Min Exi Min Mat Fac Fac Machines Disabled 2 | . . . . . . 2 . Max in Single Turn 1 | . . . . . . 1 . Machines Sabotaged . | . . . . . . . . Garrisons Compromised . | . . . . . . . . Overloaded Fab Kills . | . . . . . . . . Hacking | -11 -10 -10 -10 -9 -8 -7 -6 --------- Run | Scr Mat Min Exi Min Mat Fac Fac Machines Accessed 15 | . 2 . 2 1 . 8 2 Terminals 10 | . 2 . . 1 . 5 2 Fabricators 1 | . . . . . . 1 . Repair Stations 1 | . . . . . . 1 . Recycling Units 1 | . . . . . . 1 . Scanalyzers . | . . . . . . . . Garrison Access . | . . . . . . . . Total Hacks 39 | . 7 . 5 1 . 21 5 Successful 20 | . 4 . 5 1 . 8 2 Failed 19 | . 3 . . . . 13 3 Catastrophic 4 | . . . . . . 4 . Database Lockouts . | . . . . . . . . Manual 27 | . 7 . 1 1 . 13 5 Terminals 27 | . 7 . . 1 . 14 5 Fabricators 1 | . . . . . . 1 . Repair Stations 3 | . . . . . . 3 . Recycling Units 3 | . . . . . . 3 . Scanalyzers . | . . . . . . . . Garrison Access . | . . . . . . . . Terminal Hacks 9 | . 2 . 5 1 . 1 . Record 4 | . . . 4 . . . . Robot Analysis 1 | . . . . . . 1 . Branch Access Points 1 | . 1 . . . . . . Zone Layout 2 | . 1 . . 1 . . . EX-Prototype ID Bank 1 | . . . 1 . . . . Fabricator Hacks 1 | . . . . . . 1 . Build 1 | . . . . . . 1 . Repair Station Hacks 2 | . . . . . . 2 . Scan Component 1 | . . . . . . 1 . Repair 1 | . . . . . . 1 . Recycling Unit Hacks . | . . . . . . . . Scanalyzer . | . . . . . . . . Garrison Access Hacks . | . . . . . . . . Unauthorized Hacks 8 | . 2 . . . . 4 2 Terminals 8 | . 2 . . . . 4 2 Botnet 8 | . 2 . . . . 4 2 Fabricators . | . . . . . . . . Repair Stations . | . . . . . . . . Recycling Units . | . . . . . . . . Scanalyzers . | . . . . . . . . Garrison Access . | . . . . . . . . Data Cores Recovered . | . . . . . . . . Used . | . . . . . . . . Hacking Detections 10 | . . . . 1 . 7 2 Full Trace Events 2 | . . . . . . 2 . Feedback Events . | . . . . . . . . Feedback Blocked . | . . . . . . . . Robot Schematics Acquired . | . . . . . . . . Robots Built 1 | . . . . . . 1 . Authchips . | . . . . . . . . Time 116 | . . . . . . 116 . Total Robot Build Rating 3 | . . . . . . 3 . Part Schematics Acquired . | . . . . . . . . Parts Built . | . . . . . . . . Authchips . | . . . . . . . . Time . | . . . . . . . . Total Part Build Rating . | . . . . . . . . Parts Repaired 1 | . . . . . . 1 . Time 12 | . . . . . . 12 . Parts Recycled . | . . . . . . . . Recycled Matter . | . . . . . . . . Retrieved Matter . | . . . . . . . . Retrieved Components . | . . . . . . . . Parts Scanalyzed . | . . . . . . . . Part Schematics Acquired . | . . . . . . . . Parts Damaged . | . . . . . . . . Bothacking | -11 -10 -10 -10 -9 -8 -7 -6 ------------ Run | Scr Mat Min Exi Min Mat Fac Fac Used RIF Installer . | . . . . . . . . Robots Hacked . | . . . . . . . . Non-combat . | . . . . . . . . Combat . | . . . . . . . . Robot Hacks Applied . | . . . . . . . . Relay Couplers Released . | . . . . . . . . Fabnet Peak Effective % . | . . . . . . . . Robots Rewired . | . . . . . . . . Allies Hacked . | . . . . . . . . Hacks Repelled . | . . . . . . . . Allies | -11 -10 -10 -10 -9 -8 -7 -6 -------- Run | Scr Mat Min Exi Min Mat Fac Fac Total Allies 3 | . . 2 . . . 1 . Largest Group 2 | . . 2 1 . . 1 . Highest-Rated Group 43 | . . 43 31 . . 26 . Highest-Rated Ally 31 | . . 31 31 . . 26 . Total Orders . | . . . . . . . . Ally Attacks 20 | . . 20 . . . . . Total Damage 252 | . . 252 . . . . . Kills 2 | . . 2 . . . . . Allies Corrupted . | . . . . . . . . Allies Melted . | . . . . . . . . Intel | -11 -10 -10 -10 -9 -8 -7 -6 ------- Run | Scr Mat Min Exi Min Mat Fac Fac Robot Analysis Total 1 | . . . . . . 1 . Derelict Logs Recovered 1 | . . 1 . . . . . Drone Launches . | . . . . . . . . Drone Recoveries . | . . . . . . . . Exploration | -11 -10 -10 -10 -9 -8 -7 -6 ------------- Run | Scr Mat Min Exi Min Mat Fac Fac Turns Passed 5010 | 93 327 257 427 258 319 2360 969 Spaces Moved 2481 | 51 149 130 224 110 96 992 729 Core 248 | 2 . . . . 6 . 240 Treads 967 | 49 149 48 . . 27 691 3 Legs 724 | . . 82 224 110 63 . 245 Wheels 542 | . . . . . . 301 241 Hover . | . . . . . . . . Flight . | . . . . . . . . Fastest Speed 50 | 50 160 160 190 120 50 130 50 Average Speed 146 | 155 160 178 190 188 135 159 102 Slowest Speed 350 | 160 160 190 190 190 350 330 245 Overloaded Moves . | . . . . . . . . Propulsion Burnouts . | . . . . . . . . Robots Hopped . | . . . . . . . . Cave-ins Triggered . | . . . . . . . . Exploration Rate (%) 26 | 4 26 36 60 19 12 26 27 Regions Visited 7 Branch Regions 3 Pre-discovered Areas 1 | . . . 1 . . . . Known Exits Taken 1 | . 1 . . . . . . Unknown Exits Taken 6 | 1 . 1 1 1 1 1 . Scrap Searched 1 | . . . . 1 . . . Spaces Dug 2 | . 2 . . . . . . Terrain Destroyed 18 | . 2 . . . . 8 8 Melee 2 | . 2 . . . . . . Projectile 16 | . . . . . . 8 8 AOE . | . . . . . . . . Terrain Rammed . | . . . . . . . . Walls Destroyed . | . . . . . . . . Machines Disabled . | . . . . . . . . Actions | -11 -10 -10 -10 -9 -8 -7 -6 --------- Run | Scr Mat Min Exi Min Mat Fac Fac Total 3507 | 62 187 144 226 129 200 1645 914 Wait 647 | . 2 9 . . 31 484 121 Move 2475 | 50 148 129 223 109 96 991 729 Hop . | . . . . . . . . Pick Up 49 | 6 3 . 1 1 7 24 7 Fast Attach 47 | 6 4 1 . 3 7 19 7 Attach 28 | . . . 1 . 6 12 9 Detach 3 | . . . . . . 1 2 Swap 12 | . 4 . . . 1 5 2 Drop 26 | . 2 . 1 1 6 6 10 Fire 135 | . 8 . . . 14 87 26 Melee 66 | . 15 5 . 15 31 . . Ram . | . . . . . . . . Kick 1 | . . . . . . . 1 Crush 16 | . 1 . . . 1 14 . Escape Stasis 2 | . . . . . . 2 . Rewire . | . . . . . . . . Trap . | . . . . . . . . Miscellaneous . | . . . . . . . . Route ------- -11/Scrapyard -10/Materials (discovered 2 exits: *Min x2) -10/Mines -10/Exiles -9/Mines -8/Materials -7/Factory -6/Factory History --------- Turn | Location | Event 15 | -11/Scrapyard | Discovered new exit (range 16) 94 | -11/Scrapyard | Entered Materials 106 | -10/Materials | Identified exit to Mines 317 | -10/Materials | Build established: Mutant 421 | -10/Materials | Entered Mines 444 | -10/Mines | Learned Materials non-interactive machine intel 523 | -10/Mines | System corruption reached 10% 668 | -10/Mines | Deemed a non-threat by the Exiles lab entrance 670 | -10/Mines | Discovered new exit (range 5) 678 | -10/Mines | Entered Exiles 678 | -10/Exiles | Accompanied by 1 ally 708 | -10/Exiles | Led the pair of lost Derelicts to a safe place 722 | -10/Exiles | Met 8R-AWN 756 | -10/Exiles | Met EX-HEX 810 | -10/Exiles | Met EX-BIN 830 | -10/Exiles | Aligned with FarCom system 832 | -10/Exiles | Given EX-Vault access code 908 | -10/Exiles | Opened EX-Vault 923 | -10/Exiles | Found Field Lobotomy Kit 960 | -10/Exiles | Warned to stay clear of 0b10 Research branches 1023 | -10/Exiles | Met EX-DEC 1031 | -10/Exiles | Learned location of Zion (-7) 1089 | -10/Exiles | Discovered new exit (range 10) 1105 | -10/Exiles | Left Exiles lab with Field Lobotomy Kit 1105 | -10/Exiles | Entered Mines 1148 | -9/Mines | Core integrity fell below 50% 1353 | -9/Mines | Discovered new exit (range 5) 1363 | -9/Mines | Entered Materials 1363 | -8/Materials | Evolved 4 slots: Propulsion x1, Utility x3 1364 | -8/Materials | Loaded intel: 42 non-interactive machine locations 1473 | -8/Materials | Garrison activated, responded to threat 1593 | -8/Materials | Core integrity fell below 50% 1622 | -8/Materials | Core integrity fell below 20% 1649 | -8/Materials | Lost 12 parts (2p4n1u5w) 1652 | -8/Materials | Discovered new exit (range 16) 1682 | -8/Materials | Entered Factory 1682 | -7/Factory | Evolved 2 slots: Utility x1, Weapon x1 1988 | -7/Factory | Fabricated O-24 Administrator (x1) 2002 | -7/Factory | Build established: Gunner 2658 | -7/Factory | Garrison activated, responded to threat 2723 | -7/Factory | Lost 4 parts (2n1u1w) 3109 | -7/Factory | Lost 3 parts (1u2w) 3280 | -7/Factory | Core integrity fell below 50% 3343 | -7/Factory | Lost 4 parts (1p2u1w) 3474 | -7/Factory | Repaired Arm. Treads 3609 | -7/Factory | Build established: Scavenger-Skirmisher 4021 | -7/Factory | Discovered new exit (range 16) 4042 | -7/Factory | Entered another Factory area 4042 | -6/Factory | Evolved 2 slots: Propulsion x1, Utility x1 4330 | -6/Factory | Build established: Scavenger-Gunner 4931 | -6/Factory | Lost 15 parts (2p7n3u3w) 4938 | -6/Factory | Core integrity fell below 50% 4977 | -6/Factory | Core integrity fell below 20% 5011 | -6/Factory | Destroyed by S-27 Virus with Autogun Last Messages --------------- 04924_ O-16 Technician: "IFF HANDSHAKE FAILED. SECURING TERMINAL." 04929_ O-16 Technician uses terminal to summon reinforcements. 04929_ ALERT: Hostiles spotted, dispatching reinforcements to Terminal F016. 04929_ O-16 Technician locks terminal. 04935_ EM Disruption Field destroyed. 04936_ Acquired Coil Gun. 04942_ P-60 Hacker resets S-27 Virus, system corruption cleaned. 04950_ Acquired Unknown Device. 04950_ Identified Trap Scanner. 04952_ Dropped Weapon Cycler. 04963_ K-01 Serf destroyed. 04966_ K-01 Serf collects debris. 04967_ U-05 Engineer destroyed. 04972_ R-10 Processor collects Lgt. Ion Engine. 04979_ Cryofiber Web destroyed. 04992_ System corrupted: Heat flow error (+126). 05004_ S-27 Virus destroyed. 05005_ ALERT: Suspicious intruders detected, dispatching Cutter reinforcements to area. Map ----- +----------------------------------------------------+ | ?????# # #???????????????????????????? | | ?????# # #???????????????????????????? | | ?????# # #???????????????????????????? | | ?????# + +???????????????????????????? | | ?????# # #???????????????????????????? | | ?????# # #???????????????????????????? | | ?????####+###### #???????????????????????????? | | ????????# #???????????????????????????? | | ????????# #???????????????????????????? | | ????????# #???????????????????????????? | | ????????# #???????????????????????????? | | ????????# #???????????????????????????? | | ??##########+### #???????????????????????????? | | ??# # #???????????????????????????? | | ??# #######??????????????????????? | | ??# #???????????????????????????? | | ??# #????????????????????????????# | | ??# #????????????????????????????# | | ??# #??????????????????###########^ ^ | | ??# #?????????????????? # | | ??# #??????????????????""" """ # | | ??# #???????????????????"" """ # | | ??# #????????????????????? """ # | | ??# #??????????????????????? # | | ??# #???????##################+### | | ??##############???????+ @ | | ???????????????????????# | | ???????????????????????+ | | ???????????????????????# s % | | ???????????????????????# p | | ???????????????????????#+##+#############/###### # | | ???????????????????????????????????????????????# # | | ???????????????????????????????????????????????# # | | ???????????????????????????????????????????????# # | | ??????????????????????????????????????????????## # | | ??????????????????????????????????????????????+ | | ????????????????????????????????????Y?????????## | | ???????????????????????????????????????????????# | | ???????????????????????????????????????????????# | | ???????????????????????????????????????????????### | | ?????????????????????????????????????????????????? | | ?????????????????????????????????????????????????? | | ?????????????????????????????????????????????????? | | ?????????????????????????????????????????????????? | | | | | | | | | | | | | +----------------------------------------------------+ Best States ------------- Heat Dissipation 75 Energy Generation 18 Energy Capacity 290 Matter Stores 300 Matter Capacity 300 Sight Range 16 Terrain Scan Range 14 Terrain Scan Density 210 Base Temperature (-) 100 Armor Coverage 225 Resistance: EM 25 Core Shielding 20 Weapon Cycling 30 Evasion (%) 55 Targeting Accuracy 5 Recoil Reduction 3 Offensive Hacking 10 Item Schematics ----------------- None Robot Schematics ------------------ None Fabricated ------------ O-24 Administrator | x1 | -7/Factory | Preloaded Alien Tech Used ----------------- None Achievements -------------- My Command Is Your Wish Challenges ------------ None Game ------ Seed MatterNavigationWell Manual? 0 Play Time 01:13:25 Cumulative 62.4 hours Start 2022.05.28 @ 19:11:16 End 2022.05.29 @ 22:26:32 Sessions 3 Manual Loads 0 Difficulty Rogue Special Mode None Game No. 44 Rogue 25 Adventurer 16 Explorer 3 Win Type - Total 2 Types 2/0/0/0/0/0/0/0/0 Lore% 34 Gallery% 44 Achievement% 36 Wizard Run 0 Options --------- ASCII 1 Keyboard 1 Movement Numpad Keybinds 0 Fullscreen 1 Font 18/TerminusBold Map View 76x50 Tactical HUD 1 Map Filters NONE Filters NONE Steam X RUN: 2fe6d7bf-aa8c-43df-8f0d-aeaf04b26bf6